 Dungeon Crawl Stone Soup version 0.27.0-1-g7a089689b8 (webtiles) character file.

Game seed: 8205126751688820720

42 Thatpatchoflichen the Shooter (level 3, 0/18 HPs)
             Began as a Spriggan Hunter on Aug 9, 2021.
             Splashed by a jelly's acid (2 damage)
             ... on level 2 of the Dungeon.
             The game lasted 00:04:30 (1483 turns).

Thatpatchoflichen the Shooter (Spriggan Hunter)     Turns: 1483, Time: 00:04:31

Health: 0/18       AC: -2    Str:  8    XL:     3   Next: 35%
Magic:  4/4        EV: 18    Int: 12    God:
Gold:   36         SH:  5    Dex: 16    Spells: 2/2 levels left

rFire    x . .     SeeInvis +   o - +3 short sword (venom)
rCold    + . .     Faith    .   (shield restricted)
rNeg     . . .     Spirit   .   c - +0 robe
rPois    .         Reflect  +   (helmet restricted)
rElec    .         Harm     .   (no cloak)
rCorr    .         Rampage  .   (gloves unavailable)
Will     .....                  (boots unavailable)
Stlth    ++........             m - amulet of reflection
HPRegen  0.06/turn              i - ring of ice
MPRegen  0.09/turn              (no ring)

@: corroded, very quick
A: very small, no large weapons, unfitting armour, see invisible, speed 3
a: no special abilities


You were on level 2 of the Dungeon.
You visited 1 branch of the dungeon, and saw 2 of its levels.

You collected 36 gold pieces.

Inventory:

Hand Weapons
 a - a +1 shortbow
 b - a +0 short sword
 f - a +0 short sword of electrocution
 o - a +3 short sword of venom (weapon)
Missiles
 d - 65 arrows
Armour
 c - a +0 robe (worn)
Jewellery
 i - a ring of ice (left hand)
 m - an amulet of reflection (around neck)
Scrolls
 e - a scroll of summoning {unknown}
 h - a scroll of acquirement {unknown}
 l - a scroll of magic mapping {unknown}
 n - a scroll of noise {unknown}
 p - 2 scrolls of amnesia {unknown}
Potions
 g - a potion of degeneration {unknown}
 j - a potion of heal wounds {unknown}
 k - a potion of magic {unknown}


   Skills:
 - Level 1.5 Fighting
 + Level 0.3 Short Blades
 + Level 5.5 Bows
 + Level 3.9 Dodging
 - Level 2.0 Stealth


You had 2 spell levels left.
You didn't know any spells.
Your spell library was empty.

Dungeon Overview and Level Annotations

Branches:
Dungeon (2/15)

Altars:

Shops:
D:1 *


Innate Abilities, Weirdness & Mutations

You are very small and have problems with some larger weapons.
You are too small for most types of armour.
You have supernaturally acute eyesight. (SInv)
You cover ground extremely quickly. (Speed+++)


Message History

You barely miss the hobgoblin.
The hobgoblin is moderately wounded.
The hobgoblin misses you.
You hit the hobgoblin.
You kill the hobgoblin!
You start resting.
HP restored.
p - 2 scrolls labelled SYTAEK YMPU
Things that are here:
a +0 dagger; a +0 robe
d - 65 arrows (gained 17)
There is an open door here.
A kobold comes into view. It is wielding a +0 club.
The kobold shouts!
You hit the kobold.
You kill the kobold!
You see here a +0 club.
You open the door.
An endoplasm comes into view.
Found a hobgoblin skeleton and a bat skeleton. 7 endoplasms and 3 jellies come into view.
The endoplasm quivers. x3
Found four items.
There is an open door here.
You hit the endoplasm.
The endoplasm is almost dead.
The endoplasm completely misses you. The jelly misses you.
You close the door.
You hear a distant slurping noise.
The door mysteriously vanishes.
You hit the jelly. The acid corrodes you!
Your hands burn!
The jelly is lightly wounded.
You block the jelly's attack.
You hit the jelly.
Your hands burn!
The jelly is moderately wounded.
The jelly hits you.
You are splashed with acid!
* * * LOW HITPOINT WARNING * * *
The jelly misses you.
You hit the jelly but do no damage.
Your hands burn!
You die...

##....... #### ### #....... ..#
#######.##..J..?##.......
###.#####....#.#.#..PP÷.##>......
....#.##.....#.#.#÷J.JJJ##.###+##
......'......#'#.#÷....÷##.#
......'...)....#)#J.J..J##.#
...##.'........#.#...P÷.##.#
...##.##.......#@#..÷...##.#
...######......##JJJ..P.##.#
...'..# ##########÷.....#
...##.#### ####### .........#
#####†##.# ....)..#.# #####..#.#
#..#.#


You could see a jelly and 2 endoplasms.

Vanquished Creatures
  5 endoplasms
  A giant cockroach (D:1)
  4 hobgoblins
  4 jackals (D:1)
  9 kobolds
  2 ball pythons
  4 bats
  2 frilled lizards
  4 goblins (D:1)
  3 rats
38 creatures vanquished.

Vanquished Creatures (others)
  11 toadstools (D:2)
11 creatures vanquished.

Grand Total: 49 creatures vanquished

Notes
Turn   | Place    | Note
-------+----------+-------------------------------------------
     0 | D:1      | Thatpatchoflichen the Spriggan Hunter began the quest for
                  | the Orb.
     0 | D:1      | Reached XP level 1. HP: 10/10 MP: 2/2
    32 | D:1      | Found Orranig's Assorted Antiques.
    90 | D:1      | Reached skill level 5 in Bows
   193 | D:1      | Reached XP level 2. HP: 14/14 MP: 3/3
   812 | D:1      | Reached XP level 3. HP: 18/18 MP: 4/4
  1483 | D:2      | Splashed by a jelly's acid

Illustrated notes

Levels and vault maps discovered:
D:1:      eino_arrival_cavern_b, layout_rooms, serial_shops, shop
D:2:      cheibrodos_fertilizer, layout_basic

Skill      XL: |  1 |
---------------+----+-----
Dodging        | 3 |  3.9
Stealth        | 2 |  2.0
Bows           | 5 |  5.5
Fighting       | |  1.5
Short Blades   | |  0.3

Action                   || total
-------------------------++-------
Melee: Short sword       ||    67
 Fire: Shortbow          ||    33
 Stab: Distracted        ||     1
       Sleeping          ||     1
Armor: Robe              ||     6
Dodge: Dodged            ||    61
Block: Other             ||     3
       Reflection        ||     1
